Map: Golden Wall LE

Players

LiquidClem (Clem) - Winner!

  • Race: Terran Terran
  • League: Master
  • Spawn Location: 7:00

BlyOnFire (Bly)

  • Race: Zerg Zerg
  • League: Grandmaster
  • Spawn Location: 5:00

Event: DreamHack SC2 Masters 2020 Summer Europe

VOD

Have the link to the VOD?

Description

Time

  • Played on: June 28, 2020, 11:16 a.m.
  • Length: 6:25

All games in this series

Show
View Real Time Build Order
Export as new Build Order

LiquidClem Terran - Winner!

Build Orders: Reaper Expand 

Get SALT Encoding   

  12  0:00  SCV  
  13  0:12  SCV  
  14  0:17  Supply Depot  
  14  0:24  SCV  
  15  0:38  SCV  
  15  0:39  Barracks  
  16  0:43  Refinery  
  16  0:50  SCV  
  17  1:02  SCV  
  18  1:15  SCV  
  19  1:26  Reaper  
  19  1:27  Orbital Command  
  20  1:42  Command Center  
  20  1:52  Barracks  
  20  1:55  SCV  
  20  1:59  Barracks Reactor  
  21  2:07  SCV  
  22  2:09  Supply Depot  
  22  2:19  SCV  
  23  2:24  Factory  
  23  2:31  SCV  
  23  2:36  Marine x2  
  26  2:37  Refinery  
  26  2:39  Barracks Tech Lab  
  26  2:46  SCV  
  27  2:54  Marine x2  
  27  2:56  Orbital Command  
  29  3:00  SCV  
  29  3:05  Stimpack  
  30  3:09  Marine  
  30  3:12  SCV  
  32  3:19  Marine x2  
  34  3:22  SCV  
  34  3:24  SCV  
  36  3:27  Starport  
  36  3:33  Factory Reactor  
  36  3:34  SCV  
  37  3:36  SCV  
  37  3:37  Marine x2  
  40  3:42  Supply Depot  
  40  3:44  Marine  
  40  3:46  SCV  
  43  3:48  SCV  
  43  3:55  Marine  
  44  3:56  Marine  
  44  3:58  SCV  
  46  4:04  Supply Depot, Marine, SCV  
  48  4:11  SCV  
  48  4:12  Medivac x2  
  48  4:15  Factory Tech Lab  
  53  4:17  Marine  
  53  4:20  Supply Depot  
  54  4:25  Marine x2  
  54  4:26  SCV x2  
  57  4:31  Engineering Bay  
  57  4:34  Barracks  
  57  4:38  SCV x2  
  59  4:39  Marine  
  59  4:40  Refinery  
  59  4:43  Marine  
  59  4:45  Supply Depot  
  61  4:48  Combat Shield  
  61  4:50  Marine  
  64  4:52  SCV x2  
  64  4:57  Siege Tank  
  64  4:59  Marine  
  68  5:02  Supply Depot  
  68  5:05  SCV  
  69  5:09  Marine  
  69  5:10  SCV  
  71  5:14  Marine  
  71  5:16  Supply Depot  
  71  5:18  Marine  
  71  5:19  SCV  
  74  5:26  Marine  
  76  5:30  Siege Tank  
  76  5:32  Marine  
  76  5:33  Supply Depot  
  78  5:36  Marine, SCV x2  
  78  5:41  Marine x2  
  83  5:45  Refinery  
  83  5:46  Supply Depot  
  83  5:47  Marine, Medivac  
Show
View Real Time Build Order
Export as new Build Order

BlyOnFire Zerg 

Build Orders: Hatch First 

Get SALT Encoding   

  12  0:01  Drone  
  13  0:13  Drone  
  14  0:20  Overlord  
  14  0:24  Drone, Extractor  
  15  0:38  Drone x2  
  17  0:52  Hatchery  
  17  0:55  Drone  
  17  0:58  Drone  
  18  1:08  Extractor  
  17  1:14  Spawning Pool  
  17  1:17  Drone  
  17  1:22  Drone  
  18  1:29  Drone  
  19  1:39  Drone  
  20  1:51  Overlord  
  20  2:01  Queen  
  20  2:03  Zergling x2  
  20  2:05  Queen  
  20  2:06  Zergling x2  
  26  2:13  Metabolic Boost  
  26  2:17  Drone x2  
  28  2:23  Drone  
  28  2:27  Drone  
  29  2:38  Drone  
  29  2:41  Queen  
  33  2:44  Drone, Overlord  
  34  2:51  Drone  
  34  3:01  Drone  
  34  3:03  Lair  
  35  3:09  Drone x3  
  35  3:10  Zergling x4  
  40  3:21  Drone x3, Overlord  
  40  3:26  Extractor  
  42  3:32  Extractor  
  41  3:39  Extractor  
  40  3:42  Drone x3  
  40  3:43  Drone  
  44  3:48  Drone x2  
  44  3:49  Drone  
  44  3:53  Hatchery  
  44  3:55  Drone x4  
  51  4:03  Overlord  
  51  4:05  Extractor  
  51  4:08  Evolution Chamber  
  49  4:11  Evolution Chamber  
  48  4:20  Overlord  
  48  4:27  Drone x3  
  48  4:31  Baneling Nest  
  50  4:42  Zergling x2  
  50  4:43  Zergling x12  
  50  4:44  Zergling x2  
  58  4:49  Overlord  
  58  4:56  Overlord  
  58  5:03  Overlord  
  58  5:07  Drone  
  58  5:12  Zergling x2  
  58  5:13  Zergling x6  
  61  5:16  Zergling x4  
  60  5:23  Zergling x2  
  55  5:29  Zergling x4  
  47  5:39  Zergling x12  
Tags
 
Add a new tag
Caveats
  • Supply blocks, unpowered buildings, or Contaminate may cause inaccurate times.
  • Supply counts are checked every 10 seconds.